 Dungeon Crawl Stone Soup version 0.30-a0-743-gbfdf073431 (webtiles) character file.

Game seed: 8208891328080528983

92918 Rrauwl the Carver (level 15, -1/180 HPs)
             Began as an Armataur Warper on Feb 4, 2023.
             Was a High Priest of Sif Muna.
             Slain by a deep elf pyromancer
             ... wielding a +0 long sword
              (7 damage)
             ... on level 1 of the Elven Halls on Feb 5, 2023.
             The game lasted 02:17:29 (25749 turns).

Rrauwl the Carver (Armataur Warper)                Turns: 25749, Time: 02:17:30

Health: -1/180     AC: 35    Str: 22    XL:     15   Next: 59%
Magic:  21/24      EV:  1    Int: 16    God:    Sif Muna [*****.]
Gold:   599        SH:  0    Dex: 11    Spells: 0/18 levels left

rFire   . . .      SeeInvis .    a - +4 long sword (freeze)
rCold   . . .      Faith    .    (no shield)
rNeg    . . .      Spirit   .    (body armour currently unavailable)
rPois   +          Reflect  .    (helmet currently unavailable)
rElec   .          Harm     .    (cloak currently unavailable)
rCorr   .          Roll     +    (gloves currently unavailable)
Will    +....      NoTele   +    (no barding)
Stlth   ++                       i - amulet of regeneration
HPRegen 1.30/turn                f - +4 ring of protection
MPRegen 0.19/turn                t - +4 ring of protection

@: sluggish, tree-form
A: stationary, stasis, torment immunity, boosted hp, large, rugged brown scales
3, (deformed body), (armoured tail), roll, long tongue, awkward tongue,
(iridescent scales 1), (fire resistance 1), strong 1
a: Renounce Religion, Channel Magic, Forget Spell, Divine Exegesis


You were on level 1 of the Elven Halls.
You worshipped Sif Muna.
Sif Muna was extremely pleased with you.
You were a tree.
You visited 6 branches of the dungeon, and saw 25 of its levels.
You also visited: Ice Cave.

You collected 3236 gold pieces.
You spent 2637 gold pieces at shops.

Inventory:

Hand Weapons
 a - a +4 long sword of freezing (weapon)
 b - a +0 scimitar of flaming
 c - a +5 long sword
Missiles
 d - 7 boomerangs of dispersal (quivered)
 m - 3 throwing nets
 B - 9 boomerangs
Armour
 h - the +3 barding "Faipt" (melded) {rElec rF+++ Int-2}
   (You acquired it on level 2 of the Orcish Mines)

   Int:       It affects your intelligence (-2).
   rF:        It renders you almost immune to fire.
   rElec:     It insulates you from electricity.
 q - a scarf of resistance (melded)
 s - the +3 pair of gauntlets of War (melded) {Slay+5}
   (You found it on level 4 of the Dungeon)

   Slay:      It affects your accuracy & damage with ranged weapons and melee
   (+5).
 v - a +2 helmet (melded)
 P - the +1 leather armour of Context (melded) {rN+ Int+3}
   (You found it on level 14 of the Dungeon)

   Int:       It affects your intelligence (+3).
   rN:        It protects you from negative energy.
Jewellery
 f - a +4 ring of protection (left branch)
 i - an amulet of regeneration (around neck)
 t - a +4 ring of protection (right branch)
 C - a ring of see invisible
 K - a ring of protection from cold
Scrolls
 e - 7 scrolls of enchant armour
 j - a scroll of vulnerability
 n - 4 scrolls of immolation
 o - a scroll of silence
 r - 14 scrolls of identify
 x - a scroll of magic mapping
 y - a scroll of blinking
 A - 3 scrolls of fog
 D - 4 scrolls of enchant weapon
 J - 2 scrolls of poison
 N - a scroll of brand weapon
Potions
 g - 4 potions of brilliance
 k - 5 potions of flight
 p - a potion of magic
 w - a potion of cancellation
 E - 4 potions of attraction
 G - 3 potions of lignification
 H - 3 potions of mutation
Miscellaneous
 L - a phial of floods (inert)


   Skills:
 - Level 5.0 Fighting
 - Level 14.0 Long Blades
 - Level 1.0 Throwing
 + Level 13.3 Armour
 - Level 7.0 Dodging
 - Level 3.0 Stealth
 - Level 2.0 Spellcasting
 - Level 13.0 Translocations
 - Level 6.0 Air Magic
 - Level 12.0 Invocations
 + Level 4.2 Evocations


You couldn't memorise any spells.
You knew the following spells:

 Your Spells              Type           Power      Damage    Failure   Level
a - Blink                 Tloc           86%        N/A       1%          2
b - Vhi's Electric Charg  Tloc/Air       64%        N/A       1%          3
c - Lesser Beckoning      Tloc           86%        N/A       1%          2
d - Teleport Other        Tloc           43%        N/A       1%          3
e - Apportation           Tloc           86%        N/A       1%          1
f - Swiftness             Air            20%        N/A       5%          3
g - Passage of Golubria   Tloc           43%        N/A       1%          4

Your spell library contained the following spells:

 Spells                   Type           Power      Damage    Failure   Level
 Gell's Gravitas          Tloc           43%        N/A       1%          3
 Manifold Assault         Tloc           43%        N/A       1%          4
 Momentum Strike          Conj/Tloc      44%        3d9       2%          2
 Kindle Blastsparks       Fire/Tloc/Air  42%        2d13      4%          3
 Portal Projectile        Hex/Tloc       44%        N/A       4%          3
 Shock                    Conj/Air       44%        1d5       6%          1
 Poisonous Vapours        Pois/Air       22%        N/A       9%          2
 Static Discharge         Conj/Air       22%        2-3/arc   9%          2
 Cigotuvi's Dreadful Rot  Necr/Pois/Air  16%        N/A       14%         2
 Iskenderun's Mystic Bla  Conj/Tloc      22%        2d6       14%         4
 Dispersal                Tloc           21%        N/A       16%         6
 Freeze                   Ice            4%         1d3       21%         1
 Kiss of Death            Conj/Necr      4%         2d5       21%         1
 Magic Dart               Conj           4%         1d3       21%         1
 Necrotise                Necr           4%         1d4       21%         1
 Sting                    Tmut/Pois      4%         1d3       21%         1
 Mephitic Cloud           Conj/Pois/Air  8%         N/A       26%         3
 Ensorcelled Hibernation  Hex/Ice        2%         N/A       30%         2
 Scorch                   Fire           2%         2d5       30%         2
 Summon Forest            Summ/Tloc      11%        N/A       36%         5
 Call Canine Familiar     Summ           1%         N/A       52%         3
 Dazzling Flash           Conj/Hex       2%         N/A       52%         3
 Frozen Ramparts          Ice            2%         1d1       52%         3
 Hailstorm                Conj/Ice       1%         3d3       52%         3
 Ignite Poison            Fire/Tmut/Pois 1%         N/A       52%         3
 Spider Form              Tmut/Pois      1%         N/A       52%         3
 Vampiric Draining        Necr           1%         2d6       52%         3
 Arcjolt                  Conj/Air       5%         1d15      86%         5
 Lightning Bolt           Conj/Air       5%         1d17      86%         5
 Silence                  Hex/Air        5%         N/A       86%         5
 Anguish                  Hex/Necr       0%         N/A       90%         4
 Cause Fear               Hex            0%         N/A       90%         4
 Dispel Undead            Necr           1%         3d6       90%         4
 Flame Wave               Conj/Fire      1%         2d4       90%         4
 Leda's Liquefaction      Hex/Erth       0%         N/A       90%         4
 Olgreb's Toxic Radiance  Pois           1%         N/A       90%         4
 Petrify                  Tmut/Erth      1%         N/A       90%         4
 Summon Ice Beast         Ice/Summ       1%         N/A       90%         4
 Freezing Cloud           Conj/Ice/Air   4%         6-21      94%         5
 Agony                    Necr           1%         N/A       99%         5
 Alistair's Intoxication  Tmut/Pois      0%         N/A       99%         5
 Blade Hands              Tmut           0%         N/A       99%         5
 Borgnjor's Vile Clutch   Necr/Erth      0%         N/A       99%         5
 Lee's Rapid Deconstruct  Erth           0%         3d4*      99%         5
 Metabolic Englaciation   Hex/Ice        0%         N/A       99%         5
 Summon Mana Viper        Hex/Summ       1%         N/A       99%         5
 Yara's Violent Unravell  Hex/Tmut       0%         3d3       99%         5
 Death Channel            Necr           0%         N/A       100%        6
 Eringya's Noxious Bog    Tmut/Pois      0%         N/A       100%        6
 Simulacrum               Ice/Necr       0%         N/A       100%        6
 Summon Cactus Giant      Summ           0%         N/A       100%        6
 Dragon Form              Tmut           0%         N/A       100%        7
 Enfeeble                 Hex            0%         N/A       100%        7
 Haunt                    Necr/Summ      0%         N/A       100%        7
 Malign Gateway           Summ/Tloc      11%        N/A       100%        7
 Infestation              Necr           0%         N/A       100%        8
 Maxwell's Capacitive Co  Air            10%        āˆž       100%        8
 Dragon's Call            Summ           0%         N/A       100%        9
 Polar Vortex             Ice            0%         N/A       100%        9


Dungeon Overview and Level Annotations

Branches:
Dungeon (15/15)            Temple (1/1) D:4            Lair (5/5) D:8
 Shoals (0/4) Lair:3       Spider (1/4) Lair:3        Slime (0/5) Lair:4
    Orc (2/2) D:9             Elf (1/3) Orc:2        Vaults (0/5) D:14
 Depths (0/4) D:15          IceCv (visited)

Altars:
Ashenzari
Cheibriados
Dithmenos
Elyvilon
Fedhas
Gozag
Hepliaklqana
Kikubaaqudgha
Makhleb
Nemelex Xobeh
Okawaru
Qazlal
Ru
Sif Muna
Trog
Uskayaw
Vehumet
Wu Jian
Xom
Yredelemnul
Zin
The Shining One
Jiyva

Shops:
D:13 (   Orc:1 ?   Orc:2 ?(**


Innate Abilities, Weirdness & Mutations

You are a tree.
Your roots penetrate the ground, keeping you stationary.
You cannot be teleported.
You are immune to unholy pain and torment.
Your maximum health is greatly increased.
Your equipment is partially melded.
(You are completely covered in rugged brown scales. (AC +3, +7% HP))
((Armour fits poorly on your strangely shaped body.))
((You have a long armoured tail.))
You roll when moving toward enemies. (Rampage)
Your long tongue fully drains potion bottles. (2x potion effects)
Your tongue gives you trouble enunciating. (1.5x scroll delay)
((You are partially covered in iridescent scales. (AC +2)))
((Your flesh is heat resistant. (rF+)))
Your muscles are strong. (Str +4, Int/Dex -1)


Message History

The now-empty wand crumbles to dust.
The +2 short sword of freezing hits you but does no damage.
Something hits you.
* * * LOW HITPOINT WARNING * * *
The deep elf pyromancer hits you but does no damage.
The fire elemental hits you.
The deep elf pyromancer barely misses you.
The +2 short sword of freezing hits you!
* * * LOW HITPOINT WARNING * * *
The +2 short sword of freezing freezes you.
* * * LOW HITPOINT WARNING * * *
Something hits you but does no damage.
Okay, then.
Aiming: Polymorph
Press: ? - help, Shift-Dir - straight line, f - you, p - deep elf pyromancer That beam is likely to hit you.
Continue anyway?
You turn into a tree.
Your scarf of resistance melds into your body.
Your +2 helmet melds into your body.
The +3 pair of gauntlets of War {Slay+5} melds into your body.
The +3 barding "Faipt" {rElec rF+++ Int-2} melds into your body.
The +1 leather armour of Context {rN+ Int+3} melds into your body.
You feel hot and cold all over.
Your roots penetrate the ground.
The now-empty wand crumbles to dust.
The +2 short sword of freezing hits you but does no damage.
The fire elemental hits you. The fire elemental burns you!
* * * LOW HITPOINT WARNING * * *
The deep elf pyromancer hits you but does no damage.
Something hits you but does no damage.
The deep elf pyromancer barely misses you.
A deep elf pyromancer comes into view. It is wielding a +0 dagger.
The +2 short sword of freezing hits you but does no damage.
You closely miss the deep elf pyromancer.
You feel sluggish. The fire elemental hits you. The fire elemental burns you!
* * * LOW HITPOINT WARNING * * *
Something hits you but does no damage.
The +2 short sword of freezing hits you but does no damage.
The deep elf pyromancer hits you with a +0 long sword!
You die...

#### #... #
'.. ..##+ #..
#...##'##
#.'eā—‹.#
#.{ā—‹#
#.EE####
#${..#({ā™£E#
#...#.#(ee#
#/...#eEeE#
####..~####
#... #...
####


You could see 5 deep elf pyromancers, 5 fire elementals and 2 dancing weapons.

Vanquished Creatures
  Jorgrun (Orc:2)
  Gastronok (D:8)
  2 very ugly things
  A deep elf annihilator (Elf:1)
  Azrael (D:13)
  2 fire dragons
  A deep elf high priest (Elf:1)
  Fannar (D:11)
  4 hydras
  An ice dragon (D:15)
  3 two-headed ogres
  2 caustic shrike simulacra (IceCv)
  3 boulder beetles
  2 centaur warriors (D:13)
  2 catoblepae
  A dancing weapon (Elf:1)
  Urug (Lair:3)
  5 orc high priests (Orc:2)
  2 deep elf knights (Elf:1)
  Sonja (Lair:2)
  A spriggan simulacrum (IceCv)
  A bog body (IceCv)
  A lindwurm (Lair:5)
  A deep elf archer (Elf:1)
  An obsidian statue (IceCv)
  8 orc knights
  A wolf spider (Lair:5)
  11 deep elf pyromancers
  5 manticores
  An oklob plant (Lair:2)
  2 deep elf zephyrmancers (Elf:1)
  2 ugly things (D:14)
  3 cyclopes
  A black mamba (shapeshifter) (D:14)
  A guardian serpent (Lair:5)
  9 black mambas
  Maurice (D:13)
  6 torpor snails
  6 gargoyles
  14 cane toads
  4 freezing wraiths
  7 komodo dragons
  2 rime drakes (Lair:2)
  A komodo dragon (shapeshifter) (D:13)
  A golden dragon simulacrum (IceCv)
  A merfolk (shapeshifter) (D:14)
  2 trolls
  4 tyrant leeches (Lair:5)
  A meliai (shapeshifter) (D:13)
  2 tarantellas (Spider:1)
  9 hornets (Lair:5)
  5 blink frogs (Lair:1)
  Prince Ribbit (D:5)
  Grinder (D:3)
  A raiju (shapeshifter) (D:14)
  12 slime creatures
  6 dream sheep (Lair:3)
  A snapping turtle (Lair:3)
  A jumping spider (Lair:3)
  3 culicivoras (Lair:3)
  2 air elementals
  4 wraiths
  A yak (shapeshifter) (D:14)
  53 yaks
  5 basilisks
  2 vampires
  6 fire elementals
  15 wyverns
  3 shadows
  3 steam dragons
  A minotaur simulacrum (IceCv)
  5 redbacks
  8 vampire mosquitoes
  3 wargs
  25 water moccasins
  3 acid dragons
  2 hell hounds (D:13)
  5 hydra simulacra (IceCv)
  30 orc warriors
  2 ice beasts
  An alligator simulacrum (IceCv)
  4 ettin simulacra (IceCv)
  3 ogres
  8 wolves
  The ghost of toympanos the Covered, an amateur HuFi (D:3)
  11 centaurs
  4 kobold brigands
  2 earth elementals
  A gnoll sergeant (D:9)
  13 bullfrogs
  2 necrophages
  2 deep troll simulacra (IceCv)
  3 scorpions
  A water moccasin zombie (D:6)
  5 wights (D:6)
  6 killer bees (D:8)
  7 howler monkeys
  2 centaur zombies (D:6)
  4 hounds
  30 orc priests
  3 bullfrog zombies (D:6)
  Crazy Yiuf (D:7)
  3 gnoll boudas
  21 orc wizards
  19 hell rats
  Robin (D:2)
  27 gnolls
  9 adders
  4 river rats (Lair:4)
  A white imp (D:4)
  3 ufetubi
  A worm (D:3)
  A dart slug (D:5)
  57 orcs
  4 bats
  7 endoplasms
  A giant cockroach (D:1)
  15 goblins
  12 hobgoblins
  9 jackals
  4 quokkas
  7 ball pythons
  3 frilled lizards
  29 kobolds
  7 rats
715 creatures vanquished.

Vanquished Creatures (collateral kills)
  A slime creature (D:12)
1 creature vanquished.

Vanquished Creatures (others)
  A deep elf high priest (Elf:1)
  A slime creature (D:12)
  A water elemental (D:13)
  A centaur (D:12)
  A kobold brigand (D:9)
  2 orc wizards
  2 orcs (Elf:1)
  32 fungi
  84 plants
125 creatures vanquished.

Grand Total: 841 creatures vanquished

Notes
Turn   | Place    | Note
-------+----------+-------------------------------------------
     0 | D:1      | Rrauwl the Armataur Warper began the quest for the Orb.
     0 | D:1      | Reached XP level 1. HP: 18/18 MP: 3/3
    17 | D:1      | Reached skill level 1 in Throwing
    97 | D:1      | Reached XP level 2. HP: 19/25 MP: 4/4
   573 | D:1      | Reached skill level 2 in Long Blades
  1142 | D:2      | Found an ornate altar of the Wu Jian Council.
  1152 | D:2      | Learned a level 2 spell: Blink
  1166 | D:2      | Reached XP level 3. HP: 25/31 MP: 6/6
  1216 | D:2      | Noticed Robin
  1297 | D:3      | Noticed a necrophage
  1309 | D:3      | Killed a necrophage
  1310 | D:3      | Reached skill level 3 in Long Blades
  1310 | D:3      | Reached XP level 4. HP: 24/38 MP: 7/7
  1413 | D:3      | Found a snail-covered altar of Cheibriados.
  1449 | D:3      | Found a transporter.
  1611 | D:2      | Killed Robin
  1612 | D:2      | Reached XP level 5. HP: 43/43 MP: 8/8
  1734 | D:2      | Reached skill level 4 in Long Blades
  2094 | D:2      | Found a faded altar of an unknown god.
  2164 | D:3      | Found an ancient bone altar of Kikubaaqudgha.
  2250 | D:3      | Noticed Grinder
  2274 | D:3      | Killed Grinder
  2275 | D:3      | Reached skill level 5 in Long Blades
  2275 | D:3      | Reached XP level 6. HP: 51/51 MP: 9/9
  2312 | D:3      | Learned a level 3 spell: Vhi's Electric Charge
  2464 | D:3      | Found a transporter.
  2471 | D:3      | Noticed toympanos's ghost (amateur HuFi)
  2777 | D:3      | Killed toympanos's ghost
  2778 | D:3      | Reached skill level 1 in Air Magic
  2903 | D:4      | Found a staircase to the Ecumenical Temple.
  2920 | Temple   | Entered the Ecumenical Temple
  2930 | Temple   | Became a worshipper of Sif Muna the Loreminder
  3110 | D:4      | Reached XP level 7. HP: 33/58 MP: 4/10
  3589 | D:4      | Found the +3 pair of gauntlets of War {Slay+5}
  3881 | D:5      | Entered Level 5 of the Dungeon
  4186 | D:5      | Noticed Prince Ribbit
  4197 | D:5      | Killed Prince Ribbit
  4198 | D:5      | Reached skill level 6 in Long Blades
  4198 | D:5      | Reached skill level 5 in Translocations
  4419 | D:5      | Found a shimmering altar of Xom.
  4440 | D:5      | Reached XP level 8. HP: 55/65 MP: 11/11
  4443 | D:5      | Reached * piety under Sif Muna
  4756 | D:5      | Learned a level 2 spell: Lesser Beckoning
  5052 | D:6      | Found a basalt altar of Yredelemnul.
  5057 | D:6      | Reached skill level 7 in Long Blades
  5130 | D:6      | Reached skill level 8 in Long Blades
  5138 | D:6      | Reached skill level 9 in Long Blades
  5138 | D:6      | Reached XP level 9. HP: 63/71 MP: 12/12
  5436 | D:6      | Reached skill level 10 in Long Blades
  5450 | D:6      | Reached ** piety under Sif Muna
  5471 | D:6      | Reached skill level 1 in Invocations
  5845 | D:6      | Learned a level 3 spell: Teleport Other
  6088 | D:7      | Reached skill level 5 in Armour
  6133 | D:7      | Found a runed translucent door.
  6134 | D:7      | Noticed Crazy Yiuf
  7174 | D:7      | Killed Crazy Yiuf
  7251 | D:8      | Reached XP level 10. HP: 78/78 MP: 13/13
  7496 | D:8      | Reached *** piety under Sif Muna
  7528 | D:8      | Reached skill level 11 in Long Blades
  7609 | D:8      | Found a staircase to the Lair.
  8095 | D:8      | Noticed Gastronok
  8111 | D:8      | Killed Gastronok
  8112 | D:8      | Reached skill level 12 in Long Blades
  8419 | D:9      | Noticed a two-headed ogre
  8433 | D:9      | Killed a two-headed ogre
  8434 | D:9      | Reached XP level 11. HP: 68/84 MP: 14/14
  8435 | D:9      | Found a staircase to the Orcish Mines.
  8575 | D:9      | Noticed a two-headed ogre
  8583 | D:9      | Killed a two-headed ogre
  8718 | D:9      | Reached **** piety under Sif Muna
  8870 | Lair:1   | Entered Level 1 of the Lair of Beasts
  9062 | Lair:1   | Reached skill level 10 in Armour
  9072 | Lair:1   | Reached skill level 13 in Long Blades
  9706 | Lair:1   | Reached skill level 14 in Long Blades
  9955 | Lair:2   | Noticed an oklob plant
 10122 | Lair:2   | Learned a level 1 spell: Apportation
 10347 | Lair:2   | Noticed Sonja
 10360 | Lair:2   | Killed Sonja
 10361 | Lair:2   | Reached XP level 12. HP: 88/90 MP: 15/15
 10945 | Lair:3   | Reached skill level 5 in Invocations
 10972 | Lair:3   | Reached ***** piety under Sif Muna
 11528 | Lair:3   | Received a gift from Sif Muna
 11529 | Lair:3   | Got Sif Muna's Handbook of Dusty Gases {god gift}
 11534 | Lair:3   | Learned a level 3 spell: Swiftness
 11598 | Lair:3   | Found a staircase to the Shoals.
 11733 | Lair:3   | Found a hole to the Spider Nest.
 11877 | Lair:3   | Noticed an eight-headed hydra
 11894 | Lair:3   | Killed an eight-headed hydra
 11905 | Lair:3   | Identified the +5 battleaxe "Xiofas" {flame, rF+ rCorr
                  | Int-5}
 12148 | D:10     | Entered Level 10 of the Dungeon
 12416 | D:10     | Reached skill level 10 in Translocations
 12502 | D:10     | Identified a scroll of acquirement
 12502 | D:10     | Acquired 650 gold pieces
 12570 | D:11     | Noticed Fannar
 12736 | Lair:4   | Noticed Urug
 12786 | Lair:3   | Killed Urug
 12789 | Lair:3   | Gained mutation: You occasionally lose the ability to read
                  | scrolls when taking damage. [potion of mutation]
 12789 | Lair:3   | Gained mutation: Your muscles are strong. (Str +4, Int/Dex
                  | -1) [potion of mutation]
 12789 | Lair:3   | Gained mutation: You are partially covered in iridescent
                  | scales. (AC +2) [potion of mutation]
 12789 | Lair:3   | Lost mutation: Your muscles are strong. (Str +4, Int/Dex
                  | -1) [potion of mutation]
 12789 | Lair:3   | Lost mutation: You occasionally lose the ability to read
                  | scrolls when taking damage. [potion of mutation]
 12789 | Lair:3   | Gained mutation: Your muscles are strong. (Str +4, Int/Dex
                  | -1) [potion of mutation]
 12789 | Lair:3   | Gained mutation: Your flesh is heat resistant. (rF+)
                  | [potion of mutation]
 12840 | Lair:4   | Identified the +5 quarterstaff "Daezyam" {speed, rF+ rC++
                  | rN+ Str-2}
 12859 | Lair:4   | Reached skill level 5 in Air Magic
 12918 | Lair:4   | Noticed a catoblepas
 12932 | Lair:4   | Killed a catoblepas
 13027 | Lair:4   | Noticed a six-headed hydra
 13053 | Lair:4   | Killed a six-headed hydra
 13117 | Lair:4   | Reached XP level 13. HP: 95/97 MP: 18/18
 13500 | Lair:4   | Found a viscous altar of Jiyva.
 13501 | Lair:4   | Found a staircase to the Slime Pits.
 13786 | Lair:5   | Entered Level 5 of the Lair of Beasts
 13796 | Lair:4   | Received a gift from Sif Muna
 13799 | Lair:4   | Got Ocihised's Meditations on Frozen Shadows {god gift}
 14430 | Lair:5   | Reached skill level 10 in Invocations
 14451 | Lair:5   | Reached skill level 1 in Evocations
 14571 | Lair:5   | Found a runed translucent door.
 14572 | Lair:5   | Noticed a fire dragon
 14618 | Lair:5   | Paralysed by a hornet for 1 turns
 14640 | Lair:5   | Paralysed by a hornet for 3 turns
 15485 | Lair:5   | Received a gift from Sif Muna
 15486 | Lair:5   | Got Sif Muna's Enchiridion on Reformed Battling {god gift}
 15854 | Lair:5   | Killed a fire dragon
 16247 | D:11     | Killed Fannar
 16248 | D:11     | Reached skill level 5 in Dodging
 16249 | D:11     | Reached XP level 14. HP: 79/105 MP: 15/21
 17975 | D:12     | Reached skill level 1 in Stealth
 18073 | D:13     | Found Doraup's Antique Weapon Boutique.
 18074 | D:13     | Noticed Maurice
 18082 | D:13     | Killed Maurice
 18104 | D:13     | Identified the +6 war axe "Hesoass" {drain, rC+ Dex+2}
 18418 | D:13     | Found a large runed translucent door.
 18421 | D:13     | Found a large runed translucent door.
 18432 | D:13     | Noticed Azrael
 18670 | D:13     | Killed Azrael
 19011 | D:13     | Paralysed by an air elemental for 1 turns
 19166 | Orc:1    | Entered Level 1 of the Orcish Mines
 19308 | Orc:1    | Found Huxuakh's Magic Scroll Shop.
 19325 | Orc:1    | Received a gift from Sif Muna
 19330 | Orc:1    | Got Sif Muna's Notes on the Cemetery {god gift}
 19339 | Orc:1    | Bought a scroll of fog for 52 gold pieces
 19339 | Orc:1    | Bought a scroll of fog for 52 gold pieces
 19339 | Orc:1    | Bought a scroll of enchant armour for 97 gold pieces
 19339 | Orc:1    | Bought a scroll of blinking for 97 gold pieces
 19339 | Orc:1    | Bought a scroll of fear for 52 gold pieces
 19673 | Orc:2    | Entered Level 2 of the Orcish Mines
 19680 | Orc:2    | Found Egral's General Store.
 19702 | Orc:2    | Bought a scroll of enchant armour for 82 gold pieces
 19979 | Orc:2    | Noticed Jorgrun
 20251 | Orc:2    | Killed Jorgrun
 21034 | Orc:2    | Reached skill level 5 in Fighting
 21034 | Orc:2    | Received a gift from Sif Muna
 21035 | Orc:2    | Got Sif Muna's Verses on Angles {god gift}
 21084 | Orc:2    | Found a staircase to the Elven Halls.
 21366 | Orc:2    | Found Vutiunan's General Store.
 21366 | Orc:2    | Found Gojem's Weapon Shoppe.
 21367 | Orc:2    | Found Inech's Antique Weapon Emporium.
 21367 | Orc:2    | Found Noxaza's Magic Scroll Shoppe.
 21374 | Orc:2    | Bought a scroll of acquirement for 832 gold pieces
 21374 | Orc:2    | Bought a potion of haste for 160 gold pieces
 21378 | Orc:2    | Bought a scroll of enchant armour for 105 gold pieces
 21378 | Orc:2    | Bought a scroll of brand weapon for 133 gold pieces
 21378 | Orc:2    | Bought a scroll of enchant weapon for 105 gold pieces
 21381 | Orc:2    | Acquired the +3 barding "Faipt" {rElec rF+++ Int-2}
 21777 | D:14     | Found a gate to the Vaults.
 21805 | D:14     | Identified the +1 leather armour of Context {rN+ Int+3}
 22001 | D:14     | Reached XP level 15. HP: 120/120 MP: 20/24
 22006 | D:14     | Learned a level 4 spell: Passage of Golubria
 22215 | D:14     | Found a frozen archway.
 22240 | IceCv    | Entered an ice cave
 23011 | IceCv    | HP: 5/120 [reaper/+0 scythe of freezing (17)]
 23493 | D:15     | Entered Level 15 of the Dungeon
 24297 | D:15     | Found a staircase to the Depths.
 24652 | Orc:2    | Bought a phial of floods for 640 gold pieces
 24652 | Orc:2    | Bought a wand of charming (6) for 230 gold pieces
 25061 | Spider:1 | Entered Level 1 of the Spider Nest
 25061 | Spider:1 | Noticed Rupert
 25065 | Spider:1 | Paralysed by Rupert for 5 turns
 25126 | Spider:1 | Noticed an emperor scorpion
 25161 | Spider:1 | Noticed an emperor scorpion
 25500 | Elf:1    | Entered Level 1 of the Elven Halls
 25657 | Elf:1    | Paralysed by an air elemental for 1 turns
 25724 | Elf:1    | Received a gift from Sif Muna
 25726 | Elf:1    | Got Sif Muna's Vellum of the Bright Nimbus {god gift}
 25747 | Elf:1    | HP: 6/120 [+2 short sword of freezing (7)]
 25749 | Elf:1    | Slain by a deep elf pyromancer

Illustrated notes

Levels and vault maps discovered:
D:1:      minmay_arrival_shoal_huts, layout_basic, serial_co_window_serial,
          co_window_paths_b, co_window_paths_a, co_window_of_opportunity_a,
          co_window_corner_a, co_window_of_opportunity_a, co_window_broadway_b,
          co_window_corner_cb, co_window_corner_b, co_window_corner_ca
D:2:      layout_basic, shapermc_ecumenical_altar_acropolis, basic_altar,
          hangedman_decor_clover_reticule, uniq_robin
D:3:      layout_basic, mainiacjoe_overflow_concentric_impassable, slow_altar_1,
          gammafunk_ghost_arena, uniq_grinder
D:4:      layout_loops_ring, minmay_temple_entry_crystal_x,
          kennysheep_generic_room_15
D:5:      layout_loops_cross, old_standard_altar, uniq_prince_ribbit1
D:6:      layout_basic, nicolae_yredelemnul_corpse_copse, st_stairs_7
D:7:      layout_layer_cave, uniq_crazy_yiuf_cottage
D:8:      layout_basic, erik_lair_dragon, uniq_gastronok
D:9:      layout_rooms, minmay_orc_entry_temple_small
D:10:     layout_rooms
D:11:     layout_basic, uniq_fannar
D:12:     layout_gridville, gauntlet_entry_generic
D:13:     layout_cave_pools, nicolae_stop_n_shop_2, lightli_elemental_guards,
          uniq_maurice, uniq_azrael
D:14:     layout_gridville, david_vaults_2, chequers_serial_rivers_micro_d,
          portal_ice_cave_entry_horrid_things, chequers_serial_rivers_room_a
D:15:     grunt_enter_depths_hoard, layout_basic, hex_tiny
Temple:   nicolae_temple_two_arcs
Lair:1:   layout_loops_ring
Lair:2:   layout_gridlike, uniq_sonja
Lair:3:   cheibrodos_lair_river_kwai, layout_chaotic_city,
          minmay_shoals_entry_hut, nicolae_spider_entry_tight_spaces,
          st_stairs_7, minmay_holes, nicolae_lair_grove_arrangements
Lair:4:   layout_misc_corridors, dpeg_slime_entry_corner,
          kennysheep_abandoned_house, grunt_megastairs_1, uniq_urug
Lair:5:   hangedman_lair_tendril_chambers, layout_small_grid, wormcave
Spider:1: layout_spider_delve, uniq_rupert, uniq_nikola
Orc:1:    layout_diamond_mine, serial_shops, shop_scrolls
Orc:2:    st_orc_pillars, layout_diamond_mine, serial_shops, shop, uniq_jorgrun
Elf:1:    eino_elf_arrival_the_gate, layout_gridlike, serial_shops, shop,
          orc_legates, hangedman_elven_crosses_minicolossus

Skill      XL: |  1  2  3  4  5  6  7  8  9 10 11 12 13 14 15 |
---------------+----------------------------------------------+-----
Throwing       | 1 |  1.0
Fighting       | 2 5 |  5.0
Long Blades    | 2 3 5 6 9 10 12 14 | 14.0
Spellcasting   | 2 |  2.0
Armour         | 2 4 5 8 10 12 13 | 13.3
Dodging        | 2 3 5 6 7 |  7.0
Air Magic      | 1 2 5 6 |  6.0
Translocations | 5 6 7 8 10 12 13 | 13.0
Invocations    | 3 7 10 12 | 12.0
Evocations     | 1 4 |  4.2
Stealth        | 3 |  3.0

Action                     |  1- 3 |  4- 6 |  7- 9 | 10-12 | 13-15 || total
---------------------------+-------+-------+-------+-------+-------++-------
  Melee: Falchion          |   135 |   121 |       |       |       ||   256
         Tailslap          |    12 |    15 |    51 |   142 |   381 ||   601
         Punch             |     1 |       |     3 |    11 |    32 ||    47
         Long sword        |       |    30 |   326 |   779 |  1685 ||  2820
         Dagger            |       |       |       |    26 |       ||    26
         Scimitar          |       |       |       |       |   188 ||   188
   Cast: Vhi's Electric Ch |       |       |       |    10 |    63 ||    73
         Swiftness         |       |       |       |     1 |     7 ||     8
         Blink             |       |       |       |     1 |     5 ||     6
         Passage of Golubr |       |       |       |       |     5 ||     5
  Evoke: Wand              |       |     1 |     7 |     5 |    22 ||    35
         Phial of floods   |       |       |       |       |     2 ||     2
    Use: Scroll            |     4 |     4 |     6 |    10 |    20 ||    44
         Potion            |     1 |     7 |     3 |    15 |    15 ||    41
   Stab: Sleeping          |       |     1 |     1 |       |     5 ||     7
         Distracted        |       |       |     1 |       |     1 ||     2
         Invisible         |       |       |     1 |    11 |     2 ||    14
 Armour: Leather armour    |    77 |    65 |   127 |       |   601 ||   870
         Steam dragon scal |       |       |    74 |    20 |       ||    94
         Skin              |       |       |       |    69 |    30 ||    99
         Acid dragon scale |       |       |       |   329 |   397 ||   726
  Dodge: Dodged            |    72 |    72 |   140 |   277 |   637 ||  1198
  Block: Other             |       |    14 |    19 |       |       ||    33

Table legend: (Time is in decaauts)
 A = Elapsed time spent in this place.
 B = Non-inter-level travel time spent in this place.
 C = Inter-level travel time spent in this place.
 D = Time resting spent in this place.
 E = Time spent auto-exploring this place.
 F = Levels seen in this place.
 G = Mean time per level.
                   A        B        C        D        E       F      G
               +--------+--------+--------+--------+--------+-----+--------+
         Total |  25153 |  22722 |   2431 |    560 |  16056 |  26 |  967.4 |
       Dungeon |  14853 |  13383 |   1470 |    221 |  10088 |  15 |  990.2 |
        Temple |    130 |    130 |      0 |      0 |    100 |   1 |  130.0 |
          Lair |   6608 |   6086 |    522 |     36 |   4531 |   5 | 1321.6 |
   Spider Nest |    110 |    110 |      0 |      0 |     49 |   1 |  110.0 |
  Orcish Mines |   2479 |   2043 |    436 |     39 |   1172 |   2 | 1239.5 |
   Elven Halls |    213 |    213 |      0 |      0 |     62 |   1 |  213.0 |
      Ice Cave |    757 |    757 |      0 |    263 |     53 |   1 |  757.0 |
               +--------+--------+--------+--------+--------+-----+--------+

Top non-repeatable levels by time:
  Lair:5: 1946 daAuts
   Orc:2: 1854 daAuts
  Lair:3: 1390 daAuts
     D:8: 1370 daAuts
    D:12: 1320 daAuts
     D:7: 1315 daAuts
  Lair:1: 1161 daAuts
     D:1: 1108 daAuts
     D:6: 1083 daAuts
  Lair:4: 1064 daAuts
    D:14: 1048 daAuts
     D:3: 1046 daAuts
  Lair:2: 1045 daAuts
     D:5: 936 daAuts
     D:4: 923 daAuts
